 Seeded DCSS version 0.28.0-47-ge53b351184 (webtiles) character file.

Game seed: 523019199727972820 (custom seed)

5722 thiscave3701365 the Severer (level 10, 0/124 HPs)
             Began as a Minotaur Berserker on May 9, 2022.
             Was a Priest of Trog.
             Slain by a 12-headed hydra (6 damage)
             ... on level 9 of the Dungeon.
             The game lasted 00:08:24 (9791 turns).

thiscave3701365 the Severer (Minotaur Berserker)    Turns: 9791, Time: 00:08:31

Health: 0/124      AC: 17    Str: 26    XL:     10   Next: 48%
Magic:  9/9        EV:  1    Int:  4    God:    Trog [***...]
Gold:   501        SH:  9    Dex: 10    Spells: 9/9 levels left

rFire   x . .      SeeInvis +   h - +0 war axe
rCold   + . .      Faith    .   a - +0 tower shield
rNeg    . . .      Spirit   .   m - +0 crystal plate armour
rPois   +          Reflect  .   (helmet restricted)
rElec   .          Harm     .   (no cloak)
rCorr   .          Rampage  .   (no gloves)
Will    .....                   (no boots)
Stlth   ..........              r - amulet of regeneration
HPRegen 1.10/turn               i - ring of Beosicza {Ice rPois Slay+3 SInv}
MPRegen 0.11/turn               (no ring)

@: berserking (expiring), very quick
A: horns 2, retaliatory headbutt
a: Renounce Religion, Berserk, Trog's Hand


You were on level 9 of the Dungeon.
You worshipped Trog.
Trog was most pleased with you.
You visited 1 branch of the dungeon, and saw 9 of its levels.

You collected 501 gold pieces.

Inventory:

Hand Weapons
 h - a +0 war axe (weapon)
Missiles
 k - 2 throwing nets
Armour
 a - a +0 tower shield (worn)
 m - a +0 crystal plate armour (worn)
Jewellery
 i - the ring of Beosicza (left hand) {Ice rPois Slay+3 SInv}
   (You acquired it on level 6 of the Dungeon)

   [ring of ice]

   It enhances your ice magic.
   Slay:      It affects your accuracy & damage with ranged weapons and melee
   (+3).
   rF:        It makes you vulnerable to fire.
   rC:        It protects you from cold.
   rPois:     It protects you from poison.
   SInv:      It lets you see invisible.
 r - an amulet of regeneration (around neck)
 y - an amulet of guardian spirit
Wands
 l - a wand of flame (23)
 s - a wand of polymorph (3)
 u - a wand of paralysis (9)
Scrolls
 b - 2 scrolls of summoning
 c - a scroll of fog
 e - 3 scrolls of teleportation
 n - 2 scrolls of blinking
 o - a scroll of vulnerability
 v - 2 scrolls of identify
Potions
 d - 2 potions of curing
 f - 2 potions of berserk rage
 g - a potion of resistance
 j - a potion of cancellation
 p - 2 potions of invisibility
 q - a potion of might
 t - a potion of heal wounds
 w - a potion of lignification
 x - a potion of mutation


   Skills:
 - Level 5.7 Fighting
 + Level 17.1 Axes
 - Level 5.0 Armour
 - Level 4.5 Dodging


You had 9 spell levels left.
You didn't know any spells.
Your spell library was empty.

Dungeon Overview and Level Annotations

Branches:
Dungeon (9/15)             Temple (0/1) D:4
   Lair: D:8-11         Orc: D:9-12

Altars:
Ashenzari
Nemelex Xobeh

Shops:
D:7 *

Annotations:
D:3 3 runed translucent doors, NinjaNoafa's ghost, weakling TrFi
D:9 1 runed translucent door, Selrock's ghost, novice KoBr


Innate Abilities, Weirdness & Mutations

You have a pair of horns on your head.
You reflexively headbutt those who attack you in melee.


Message History

The 11-headed hydra bites you!
The 11-headed hydra bites you but does no damage.
You barely miss the 11-headed hydra.
The 11-headed hydra is severely wounded.
The 11-headed hydra bites you but does no damage.
You block the 11-headed hydra's attack.
The 11-headed hydra bites you but does no damage.
The 11-headed hydra bites you. x2
* * * LOW HITPOINT WARNING * * *
The 11-headed hydra bites you but does no damage. x2
You block the 11-headed hydra's attack. The 11-headed hydra bites you!
* * * LOW HITPOINT WARNING * * *
The 11-headed hydra bites you.
* * * LOW HITPOINT WARNING * * *
The 11-headed hydra bites you.
* * * LOW HITPOINT WARNING * * *
You barely miss the 11-headed hydra.
The 11-headed hydra is severely wounded.
You block the 11-headed hydra's attack.
The 11-headed hydra completely misses you.
You block the 11-headed hydra's attack. The 11-headed hydra bites you.
* * * LOW HITPOINT WARNING * * *
The 11-headed hydra bites you but does no damage.
The 11-headed hydra bites you.
* * * LOW HITPOINT WARNING * * *
The 11-headed hydra bites you!
* * * LOW HITPOINT WARNING * * *
The 11-headed hydra bites you but does no damage.
You block the 11-headed hydra's attack. x2
The 11-headed hydra bites you but does no damage.
You lop one of the 11-headed hydra's heads off!
The ten-headed hydra grows two more!
You slash the 12-headed hydra!
The 12-headed hydra is heavily wounded.
You barely miss the 12-headed hydra.
The 12-headed hydra is heavily wounded.
The 12-headed hydra bites you but does no damage.
You block the 12-headed hydra's attack.
The 12-headed hydra bites you but does no damage.
The 12-headed hydra bites you.
You die...

#....# #....#..#
#....#..# #....#..##
#..#.#...# #..#.#...#
#..#.#...# #..#[#...#
#### #..#.@D..# #..#
#....##### #..#
#....############..#
#....#...##........#
#....#...##....#####
#....#...##....##..###
#....#...##.....#.....
#.##.#...##....##.....
#.##.#...##....##.....


You could see a 12-headed hydra.

Vanquished Creatures
  A two-headed ogre (D:8)
  Grinder (D:5)
  A hornet (D:9)
  9 yaks
  A steam dragon (D:6)
  Menkaure (D:5)
  An acid dragon (D:9)
  3 orc warriors
  A black bear (D:8)
  A sky beast (D:7)
  A necrophage (D:6)
  4 ogres
  3 centaurs
  A phantom (D:4)
  2 kobold brigands
  A wyvern zombie (D:6)
  4 scorpions
  A wyvern skeleton (D:6)
  5 killer bees (D:9)
  5 wights (D:7)
  A howler monkey (D:4)
  A centaur zombie (D:6)
  2 hounds
  5 orc priests
  2 gnoll shamans
  A jelly (D:6)
  5 iguanas
  9 orc wizards
  Ijyb (D:4)
  A hound zombie (D:5)
  A hound skeleton (D:4)
  6 gnolls
  A howler monkey zombie (D:9)
  8 adders
  A white imp (D:7)
  An ufetubus (D:5)
  An adder skeleton (D:4)
  3 worms
  A dart slug (D:4)
  22 orcs
  11 endoplasms
  3 giant cockroaches
  4 goblins
  5 hobgoblins
  6 quokkas
  8 ball pythons
  6 bats
  A frilled lizard (D:1)
  15 kobolds
  8 rats
187 creatures vanquished.

Vanquished Creatures (others)
  An orc (D:4)
  8 plants (D:5)
9 creatures vanquished.

Grand Total: 196 creatures vanquished

Notes
Turn   | Place    | Note
-------+----------+-------------------------------------------
     0 | D:1      | thiscave3701365 the Minotaur Berserker began the quest for
                  | the Orb.
     0 | D:1      | Reached XP level 1. HP: 19/19 MP: 0/0
   374 | D:1      | Reached XP level 2. HP: 27/27 MP: 1/1
   568 | D:1      | Reached skill level 4 in Axes
   797 | D:1      | Found a faded altar of an unknown god.
  1262 | D:2      | Reached XP level 3. HP: 18/33 MP: 2/2
  1966 | D:2      | Reached ** piety under Trog
  2057 | D:2      | Found a broken altar of Ashenzari.
  2511 | D:3      | Reached XP level 4. HP: 39/41 MP: 3/3
  2690 | D:3      | Found a runed translucent gate.
  2707 | D:3      | Found a runed translucent gate.
  2707 | D:3      | Found a runed translucent gate.
  2740 | D:3      | Noticed NinjaNoafa's ghost (weakling TrFi)
  3491 | D:4      | Noticed a phantom
  3494 | D:4      | Reached XP level 5. HP: 47/47 MP: 4/4
  3497 | D:4      | Killed a phantom
  3503 | D:4      | Reached skill level 5 in Fighting
  3529 | D:4      | Noticed Ijyb
  3537 | D:4      | Killed Ijyb
  3538 | D:4      | Reached skill level 5 in Axes
  3675 | D:4      | Reached XP level 6. HP: 48/56 MP: 5/5
  4092 | D:4      | Found a staircase to the Ecumenical Temple.
  5065 | D:4      | Reached skill level 5 in Armour
  5178 | D:4      | Reached XP level 7. HP: 62/62 MP: 6/6
  5290 | D:5      | Entered Level 5 of the Dungeon
  5298 | D:5      | Reached skill level 6 in Axes
  5435 | D:5      | Noticed Menkaure
  5444 | D:5      | Reached skill level 7 in Axes
  5450 | D:5      | Killed Menkaure
  5505 | D:5      | Reached skill level 8 in Axes
  5649 | D:5      | Reached *** piety under Trog
  5702 | D:5      | Noticed Grinder
  5709 | D:5      | Killed Grinder
  5710 | D:5      | Reached skill level 9 in Axes
  5710 | D:5      | Reached XP level 8. HP: 70/70 MP: 7/7
  6150 | D:6      | Reached skill level 10 in Axes
  6432 | D:6      | Reached skill level 11 in Axes
  6432 | D:6      | Identified a scroll of acquirement
  6432 | D:6      | Acquired the ring of Beosicza {Ice rPois Slay+3 SInv}
  7061 | D:7      | Found Poej's Elemental Accessories.
  7099 | D:7      | Found a sparkling altar of Nemelex Xobeh.
  7120 | D:7      | Reached skill level 12 in Axes
  7172 | D:7      | Reached XP level 9. HP: 68/75 MP: 8/8
  7511 | D:7      | Reached skill level 13 in Axes
  8008 | D:8      | Noticed a two-headed ogre
  8015 | D:8      | Killed a two-headed ogre
  8016 | D:8      | Reached skill level 14 in Axes
  8468 | D:8      | Reached skill level 15 in Axes
  8820 | D:8      | Reached XP level 10. HP: 83/83 MP: 9/9
  9190 | D:9      | Found a runed translucent door.
  9194 | D:9      | Noticed Selrock's ghost (novice KoBr)
  9222 | D:9      | Reached skill level 16 in Axes
  9532 | D:9      | Reached **** piety under Trog
  9540 | D:9      | Reached skill level 17 in Axes
  9780 | D:9      | Noticed a seven-headed hydra
  9789 | D:9      | HP: 5/124 [11-headed hydra (11)]
  9791 | D:9      | Slain by a 12-headed hydra

Illustrated notes

Levels and vault maps discovered:
D:1:      minmay_arrival_floating_metal, layout_loops_corners,
          shapermc_ecumenical_altar_notcrosses, minivault_11
D:2:      layout_basic, basic_altar
D:3:      layout_basic, gammafunk_ghost_icy
D:4:      minmay_chambers_of_twos, layout_loops_cross,
          minmay_temple_entry_fiery, minmay_fractal_squares_5, uniq_ijyb
D:5:      layout_rooms, serial_bayou_lagoon_a, uniq_grinder, uniq_menkaure
D:6:      layout_loops_ring, grunt_decor_fettered, kennysheep_small_circle
D:7:      layout_loops_ring, mainiacjoe_overflow_small_starburst,
          nicolae_elemental_shop
D:8:      layout_rooms
D:9:      layout_stronghold, ebering_ghost_reflecting_pool

Skill      XL: |  1  2  3  4  5  6  7  8  9 10 |
---------------+-------------------------------+-----
Fighting       | 4 5 |  5.7
Axes           | 4 5 9 12 15 17 | 17.1
Armour         | 3 4 5 |  5.0
Dodging        | 3 4 |  4.5

Action                   |  1- 3 |  4- 6 |  7- 9 | 10-12 || total
-------------------------+-------+-------+-------+-------++-------
Melee: Hand axe          |    81 |   118 |   182 |       ||   381
       Headbutt          |     9 |    16 |    52 |    15 ||    92
       Punch             |       |     2 |     1 |       ||     3
       War axe           |       |       |    63 |    64 ||   127
Invok: Berserk           |     1 |     4 |    13 |     5 ||    23
  Use: Scroll            |       |       |    15 |     2 ||    17
 Stab: Sleeping          |     1 |     3 |       |       ||     4
Armor: Animal skin       |    17 |     1 |       |       ||    18
       Chain mail        |       |    45 |    39 |       ||    84
       Crystal plate arm |       |       |    80 |    73 ||   153
Dodge: Dodged            |    57 |    58 |    60 |     2 ||   177
Block: Tower shield      |       |       |    24 |    43 ||    67
